 Seeded DCSS version 0.30-a0-845-g7c6808c8ce (webtiles) character file.

Game seed: 13605347439462872262 (custom seed)

105795 bmack86 the Severer (level 15, -12/139 HPs)
             Began as a Minotaur Fighter on Mar 2, 2023.
             Was the Champion of Okawaru.
             Shot with an arrow by Vashnia (17 damage)
             ... on level 2 of the Snake Pit.
             The game lasted 01:09:10 (24651 turns).

bmack86 the Severer (Minotaur Fighter)             Turns: 24651, Time: 01:09:11

Health: -12/139    AC: 35    Str: 26    XL:     15   Next: 95%
Magic:  22/22      EV:  6    Int:  7    God:    Okawaru [******]
Gold:   194        SH:  8    Dex: 15    Spells: 14/14 levels left

rFire   + + +      SeeInvis .    b - +5 broad axe (protect)
rCold   x . .      Faith    .    c - +0 buckler
rNeg    . . .      Spirit   .    e - +1 crystal plate armour of the Quahog {rElec Will++ Stlth+}
rPois   +          Reflect  .    W - +1 hat of Cureof {+Inv rF+ rC- Dex+5}
rElec   +          Rampage  .    G - +1 cloak of the Ageless Friends {-Tele rF+++ Slay+5 Stlth+}
rCorr   .          NoTele   +    R - +2 pair of gloves {hurl}
Will    ++++.                    V - +2 pair of boots Stlth
                                 Y - amulet of regeneration
HPRegen 1.23/turn                s - ring of willpower
MPRegen 0.18/turn                L - ring of poison resistance

@: no status effects
A: horns 2, retaliatory headbutt
a: Renounce Religion, Evoke Invisibility, Heroism, Finesse, Duel


You were on level 2 of the Snake Pit.
You worshipped Okawaru.
Okawaru was exalted by your worship.
You visited 5 branches of the dungeon, and saw 25 of its levels.
You also visited: Volcano.

You collected 2200 gold pieces.
You spent 2006 gold pieces at shops.

Inventory:

Hand Weapons
 b - a +5 broad axe of protection (weapon)
 u - a +1 hand axe of flaming
 w - a +1 spectral broad axe
 A - the +8 war axe of the Dragonfly {holy, rC+ Str+4}
   (You bought it in a shop on level 1 of the Dungeon)

   Str:       It affects your strength (+4).
   rC:        It protects you from cold.
Missiles
 a - 8 javelins (quivered)
 h - 8 curare-tipped darts
 v - 9 silver javelins
 E - 4 silver boomerangs
 H - 13 boomerangs
 U - a throwing net
Armour
 c - a +0 buckler (worn)
 e - the +1 crystal plate armour of the Quahog (worn) {rElec Will++ Stlth+}
   (You acquired it on level 1 of the Dungeon)

   rElec:     It insulates you from electricity.
   Will:      It greatly increases your willpower.
   Stlth:     It makes you more stealthy.
 l - a +0 tower shield
 G - the +1 cloak of the Ageless Friends (worn) {-Tele rF+++ Slay+5 Stlth+}
   (You bought it in a shop on level 12 of the Dungeon)

   Slay:      It affects your accuracy & damage with ranged weapons and melee
   (+5).
   rF:        It renders you almost immune to fire.
   -Tele:     It prevents most forms of teleportation.
   Stlth:     It makes you more stealthy.
 R - a +2 pair of gloves of hurling (worn)
 V - a +2 pair of boots (worn)
 W - the +1 hat of Cureof (worn) {+Inv rF+ rC- Dex+5}
   (Okawaru gifted it to you on level 14 of the Dungeon)

   Dex:       It affects your dexterity (+5).
   rF:        It protects you from fire.
   rC:        It makes you vulnerable to cold.
   +Inv:      It lets you turn invisible.
 X - a +2 cloak
 Z - a +5 plate armour of willpower
Jewellery
 s - a ring of willpower (left hand)
 t - a ring of see invisible
 x - an amulet of reflection
 K - a ring of ice
 L - a ring of poison resistance (right hand)
 O - a ring of protection from cold
 Y - an amulet of regeneration (around neck)
Scrolls
 i - 2 scrolls of identify
 j - 2 scrolls of amnesia
 k - 8 scrolls of blinking
 n - 2 scrolls of silence
 p - 7 scrolls of fog
 y - 3 scrolls of immolation
 B - 7 scrolls of teleportation
 M - 3 scrolls of poison
 T - a scroll of magic mapping
Potions
 d - 8 potions of might
 f - 4 potions of berserk rage
 g - 4 potions of cancellation
 o - 3 potions of flight
 q - a potion of heal wounds
 z - 9 potions of curing
 F - 2 potions of invisibility
 I - 6 potions of haste
 J - a potion of magic
 P - 2 potions of ambrosia
 Q - a potion of resistance
 S - 4 potions of brilliance


   Skills:
 + Level 14.4 Fighting
 - Level 18.0 Axes
 - Level 10.0 Throwing
 + Level 14.4 Armour
 + Level 14.5 Shields
 + Level 11.3 Invocations


You had 14 spell levels left.
You didn't know any spells.
Your spell library contained the following spells:

 Spells                   Type           Power      Damage    Failure   Level
 Apportation              Tloc           0%         N/A       100%        1
 Freeze                   Ice            0%         1d3       100%        1
 Magic Dart               Conj           0%         1d3       100%        1
 Sting                    Tmut/Pois      0%         1d3       100%        1
 Ensorcelled Hibernation  Hex/Ice        0%         N/A       100%        2
 Poisonous Vapours        Pois/Air       0%         N/A       100%        2
 Scorch                   Fire           0%         2d5       100%        2
 Frozen Ramparts          Ice            0%         1d1       100%        3
 Hailstorm                Conj/Ice       0%         3d3       100%        3
 Mephitic Cloud           Conj/Pois/Air  0%         N/A       100%        3
 Ozocubu's Armour         Ice            0%         N/A       100%        3
 Spider Form              Tmut/Pois      0%         N/A       100%        3
 Anguish                  Hex/Necr       0%         N/A       100%        4
 Flame Wave               Conj/Fire      0%         2d4       100%        4
 Leda's Liquefaction      Hex/Erth       0%         N/A       100%        4
 Olgreb's Toxic Radiance  Pois           0%         N/A       100%        4
 Alistair's Intoxication  Tmut/Pois      0%         N/A       100%        5
 Fireball                 Conj/Fire      0%         3d3       100%        5
 Iskenderun's Battlesphe  Conj           0%         2d6       100%        5
 Lee's Rapid Deconstruct  Erth           0%         3d4*      100%        5
 Conjure Ball Lightning   Conj/Air       0%         3x3d6     100%        6
 Statue Form              Tmut/Erth      0%         N/A       100%        6
 Orb of Destruction       Conj           0%         9d5       100%        7
 Ozocubu's Refrigeration  Ice            0%         4d7       100%        7
 Call Imp                 Summ           Unusable   N/A       N/A         2
 Summon Cactus Giant      Summ           Unusable   N/A       N/A         6

Dungeon Overview and Level Annotations

Branches:
Dungeon (15/15)            Temple (1/1) D:5            Lair (5/5) D:11
  Swamp (0/4) Lair:2        Snake (2/4) Lair:3        Slime (0/5) Lair:5
    Orc (2/2) D:10            Elf (0/3) Orc:2        Vaults (0/5) D:14
 Depths (0/4) D:15        Volcano (visited)

Altars:
Ashenzari
Cheibriados
Dithmenos
Elyvilon
Fedhas
Gozag
Hepliaklqana
Kikubaaqudgha
Makhleb
Nemelex Xobeh
Okawaru
Qazlal
Ru
Sif Muna
Trog
Uskayaw
Vehumet
Wu Jian
Xom
Yredelemnul
Zin
The Shining One
Jiyva

Shops:
D:1 (   D:2 [   D:5 [   D:10 [   D:12 [(!   Orc:2 [=((

Annotations:
D:12 3 runed translucent doors, Bunil's ghost, journeyman MiFi
Snake:2 Vashnia


Innate Abilities, Weirdness & Mutations

You have a pair of horns on your head.
You reflexively headbutt those who attack you in melee.


Message History

You throw a javelin.
The javelin pierces through the naga sharpshooter!!
You kill the naga sharpshooter!
Okawaru accepts your kill.
The naga sharpshooter gestures wildly while chanting.
The naga sharpshooter magically shoots an arrow.
The arrow barely misses you.
Vashnia says, "Slay the Minotaur at once!"
Vashnia unwields a +4 battleaxe of draining.
Vashnia wields a +3 longbow of flaming.
It bursts into flame!
Vashnia gestures wildly while chanting.
Throw: 11 javelins
Press: ? - help, Q - select action, (/) - cycle Shift-Dir - straight line, f - Vashnia
Aim: Vashnia, wielding a +3 longbow of flaming and wearing a +1 barding of stealth (61% to hit)
You throw a javelin. The javelin misses Vashnia.
The naga sharpshooter shoots an arrow.
You block the arrow.
Throw: 10 javelins
Press: ? - help, Q - select action, (/) - cycle Shift-Dir - straight line, f/p - Vashnia
Aim: Vashnia, wielding a +3 longbow of flaming and wearing a +1 barding of stealth (61% to hit)
You throw a javelin. The javelin pierces through Vashnia!!
Vashnia is lightly wounded.
Vashnia shoots an arrow.
The arrow hits you!!
* * * LOW HITPOINT WARNING * * *
The naga sharpshooter shoots an arrow.
You block the arrow.
A naga sharpshooter comes into view. It is wielding a +0 halberd.
Throw: 9 javelins
Press: ? - help, Q - select action, (/) - cycle Shift-Dir - straight line, f/p - Vashnia
Aim: Vashnia, wielding a +3 longbow of flaming and wearing a +1 barding of stealth (lightly wounded, 61% to hit)
You throw a javelin. The naga sharpshooter shouts!
The javelin pierces through Vashnia!
Vashnia is moderately wounded.
The naga sharpshooter casts a spell.
The naga sharpshooter magically shoots an arrow.
The arrow hits you.
* * * LOW HITPOINT WARNING * * *
The arrow freezes you.
* * * LOW HITPOINT WARNING * * *
Vashnia shoots an arrow.
The arrow hits you!
You die...

#...............##
##>..............#
.................#
#..#.##..........#
##.#.#####......##
##### #...#
##.....#####...#
##..........###
##..#..#####
####@#######
#)#.....#
#†#...$.#
##).†N...#
#........#
#)..)....#
#........#
##NNN....#
#.......#


You could see Vashnia and 2 naga sharpshooters.

Vanquished Creatures
  Louise (Snake:2)
  A dire elephant (D:15)
  A fire dragon (Volcano)
  4 hydras
  A great orb of eyes (D:15)
  The ghost of NinjaNoafa the Grappler, a novice TrFi of Wu Jian (D:10)
  4 anacondas
  A catoblepas (Lair:5)
  An ogre mage (D:15)
  Erica (D:10)
  6 centaur warriors
  4 two-headed ogres
  3 boulder beetles
  A deep troll shaman (Lair:5)
  A naga warrior (Snake:2)
  3 tengu warriors
  15 death yaks (Lair:5)
  An orc high priest (Orc:2)
  Urug (D:10)
  2 naga sharpshooters (Snake:2)
  Sonja (D:10)
  Nergalle (D:12)
  3 shock serpents (Snake:1)
  4 sun demons (Volcano)
  A salamander mystic (Snake:2)
  3 skeletal warriors (D:15)
  2 bog bodies (Lair:2)
  2 naga ritualists (Snake:2)
  Pikel (D:5)
  A deep elf archer (D:14)
  3 mana vipers
  An orc knight (Orc:2)
  2 deep elf pyromancers
  A lindwurm (Lair:5)
  4 orc sorcerers (Orc:2)
  2 deep elf zephyrmancers (D:14)
  10 ugly things (D:15)
  3 cyclopes
  A wolf spider (D:15)
  2 manticores
  3 elephants (Lair:5)
  4 salamanders
  Joseph (D:7)
  22 black mambas
  A guardian serpent (Lair:3)
  A torpor snail (Lair:4)
  A smoke demon (Volcano)
  8 naga magi
  11 cane toads
  A gargoyle (D:12)
  2 rime drakes (Lair:4)
  4 yaktaurs (D:14)
  6 unseen horror zombies (D:9)
  2 kobold demonologists
  A rime drake (shapeshifter) (D:14)
  10 komodo dragons
  A freezing wraith (D:15)
  A tengu conjurer (D:13)
  2 efreet
  2 polar bears
  5 trolls
  2 hornets (D:9)
  11 blink frogs
  2 shadows (D:10)
  2 wraiths
  3 wyverns
  8 slime creatures (D:13)
  A centaur simulacrum (D:15)
  22 yaks
  4 fire bats (Lair:5)
  12 steam dragons
  12 vampire mosquitoes
  2 basilisks
  5 wargs
  Menkaure (D:7)
  13 nagas
  5 acid dragons
  8 water moccasins
  21 orc warriors
  2 ice beasts
  5 hell hounds (Volcano)
  3 sky beasts
  10 ogres
  5 black bears
  6 centaurs
  22 wolves
  5 boggarts (D:14)
  3 phantoms
  6 kobold brigands
  2 gnoll sergeants
  6 bullfrogs
  7 scorpions
  10 wights
  5 killer bees (D:7)
  A howler monkey (D:4)
  2 electric eels
  4 jellies
  2 centaur zombies (D:9)
  A lava snake (Lair:5)
  6 hounds
  A gnoll bouda (D:6)
  Crazy Yiuf (D:7)
  30 orc priests
  2 sleepcaps (D:6)
  8 iguanas
  38 orc wizards
  Terence (D:2)
  A killer bee zombie (D:9)
  11 gnolls
  5 adders
  A shadow imp (D:6)
  5 white imps
  5 ufetubi
  A worm (D:3)
  2 dart slugs
  81 orcs
  11 ball pythons
  3 bats
  11 endoplasms
  5 giant cockroaches
  19 goblins
  9 hobgoblins
  12 jackals
  16 kobolds
  5 quokkas
  2 frilled lizards
  4 rats
  A bush (Lair:5)
  A butterfly (D:5)
729 creatures vanquished.

Vanquished Creatures (others)
  A bush (Lair:5)
  A demonic plant (D:1)
  20 fungi
  85 plants
107 creatures vanquished.

Grand Total: 836 creatures vanquished

Notes
Turn   | Place    | Note
-------+----------+-------------------------------------------
     0 | D:1      | bmack86 the Minotaur Fighter began the quest for the Orb.
     0 | D:1      | Reached XP level 1. HP: 19/19 MP: 0/0
   111 | D:1      | Identified a scroll of acquirement
   111 | D:1      | Acquired the +1 crystal plate armour of the Quahog {rElec
                  | Will++ Stlth+}
   133 | D:1      | Found Lexawi's Antique Weapon Emporium.
   192 | D:1      | Reached XP level 2. HP: 27/27 MP: 1/1
   237 | D:1      | Found a faded altar of an unknown god.
   237 | D:1      | Noticed a Hell Sentinel
   337 | D:1      | Reached skill level 3 in Axes
   883 | D:1      | Reached XP level 3. HP: 33/33 MP: 2/2
  1374 | D:2      | Found Osumy's Armour Boutique.
  1817 | D:3      | Reached skill level 1 in Throwing
  1817 | D:3      | Reached XP level 4. HP: 36/40 MP: 3/3
  2160 | D:3      | Found a shadowy altar of Dithmenos.
  2242 | D:4      | Reached skill level 4 in Axes
  2284 | D:4      | Reached XP level 5. HP: 47/47 MP: 4/4
  2349 | D:4      | Noticed a phantom
  2358 | D:4      | Killed a phantom
  2502 | D:4      | Reached XP level 6. HP: 53/53 MP: 5/5
  2551 | D:4      | Reached skill level 5 in Axes
  2600 | D:4      | Reached skill level 5 in Shields
  2762 | D:4      | Reached skill level 5 in Fighting
  2762 | D:4      | Reached skill level 5 in Armour
  3018 | D:4      | Identified the +5 robe "Heepeag" {Contam rPois Regen+ SInv}
  3155 | D:5      | Entered Level 5 of the Dungeon
  3164 | D:5      | Reached XP level 7. HP: 61/61 MP: 6/6
  3315 | D:5      | Reached skill level 6 in Axes
  3372 | D:5      | Found a glowing silver altar of Zin.
  3609 | D:5      | Found a staircase to the Ecumenical Temple.
  3620 | Temple   | Entered the Ecumenical Temple
  3629 | Temple   | Became a worshipper of Warmaster Okawaru
  3751 | D:5      | Reached skill level 1 in Invocations
  3751 | D:5      | Reached XP level 8. HP: 37/70 MP: 7/7
  4022 | D:5      | Found Saobleg's Armour Shop.
  4047 | D:5      | Noticed Pikel
  4056 | D:5      | Killed Pikel
  4056 | D:5      | Reached * piety under Okawaru
  4057 | D:5      | Reached skill level 7 in Axes
  4196 | D:5      | Reached skill level 8 in Axes
  4620 | D:2      | Noticed Terence
  4627 | D:2      | Killed Terence
  4648 | D:1      | Bought an iridescent war axe for 204 gold pieces
  4648 | D:1      | Identified the +8 war axe of the Dragonfly {holy, rC+
                  | Str+4} (You bought it in a shop on level 1 of the Dungeon)
  4902 | D:6      | Reached XP level 9. HP: 57/78 MP: 8/10
  4903 | D:6      | Reached ** piety under Okawaru
  5084 | D:6      | Found an ornate altar of the Wu Jian Council.
  5123 | D:6      | Found a bloodstained altar of Trog.
  5142 | D:6      | Reached skill level 9 in Axes
  5405 | D:6      | Found a hazy altar of Hepliaklqana.
  5642 | D:6      | Reached skill level 5 in Throwing
  5846 | D:6      | Reached XP level 10. HP: 84/88 MP: 9/12
  6002 | D:7      | Reached skill level 10 in Axes
  6089 | D:7      | Noticed Menkaure
  6093 | D:7      | Killed Menkaure
  6203 | D:7      | Reached *** piety under Okawaru
  6229 | D:7      | Found a white marble altar of Elyvilon.
  6767 | D:7      | Noticed Joseph
  6775 | D:7      | Killed Joseph
  6884 | D:7      | Found a runed translucent door.
  6885 | D:7      | Noticed Crazy Yiuf
  6890 | D:7      | Killed Crazy Yiuf
  7237 | D:8      | Noticed a two-headed ogre
  7243 | D:8      | Killed a two-headed ogre
  7243 | D:8      | Reached **** piety under Okawaru
  7244 | D:8      | Reached skill level 5 in Invocations
  7339 | D:8      | Reached skill level 11 in Axes
  7749 | D:8      | Reached XP level 11. HP: 92/95 MP: 14/14
  7897 | D:8      | Identified the +1 leather armour of Duck's Teeth {rElec
                  | Will+}
  8341 | D:9      | Reached ***** piety under Okawaru
  8592 | D:9      | Found an opulent altar of Gozag.
  8783 | D:5      | Bought a +1 pair of gloves of hurling for 231 gold pieces
  9238 | D:9      | Received a gift from Okawaru
  9275 | D:9      | Received a gift from Okawaru
  9288 | D:9      | Found a basalt altar of Yredelemnul.
  9365 | D:9      | Found a shimmering blue altar of Sif Muna.
  9485 | D:9      | Reached skill level 12 in Axes
  9654 | D:10     | Entered Level 10 of the Dungeon
  9724 | D:10     | Found Qoupn's Antique Armour Shop.
  9743 | D:10     | Noticed Sonja
  9754 | D:10     | Killed Sonja
  9995 | D:10     | Noticed a two-headed ogre
 10004 | D:10     | Killed a two-headed ogre
 10119 | D:10     | Found a runed translucent gate.
 10120 | D:10     | Found a runed translucent gate.
 10120 | D:10     | Noticed NinjaNoafa's ghost (novice TrFi)
 10121 | D:10     | Found a runed translucent gate.
 10238 | D:10     | Found a staircase to the Orcish Mines.
 10245 | D:10     | Noticed Urug
 10257 | D:10     | Killed Urug
 10257 | D:10     | Received a gift from Okawaru
 10562 | D:10     | Found a blossoming altar of Fedhas.
 10562 | D:10     | Noticed Erica
 10575 | D:10     | Killed Erica
 10777 | D:10     | Killed NinjaNoafa's ghost
 10788 | D:10     | Received a gift from Okawaru
 10802 | D:10     | Reached XP level 12. HP: 106/106 MP: 10/15
 10976 | D:12     | Found Rirrihott's Distillery.
 11061 | D:12     | Reached skill level 10 in Shields
 11061 | D:12     | Found Kackuts's Antique Weapon Boutique.
 11115 | D:12     | Identified the +9 falchion of Fumem {venom, rN+ Int+4
                  | Dex+4}
 11178 | D:12     | Reached skill level 10 in Fighting
 11200 | D:12     | Reached skill level 13 in Axes
 11266 | D:12     | Noticed Nergalle
 11282 | D:12     | Killed Nergalle
 11283 | D:12     | Reached skill level 10 in Armour
 11453 | D:12     | Found Fuxeit's Antique Armour Boutique.
 11463 | D:12     | Bought a translucent cloak for 228 gold pieces
 11463 | D:12     | Identified the +1 cloak of the Ageless Friends {-Tele rF+++
                  | Slay+5 Stlth+} (You bought it in a shop on level 12 of the
                  | Dungeon)
 11510 | D:12     | Found a runed translucent gate.
 11510 | D:12     | Found a runed translucent gate.
 11510 | D:12     | Found a runed translucent gate.
 11511 | D:12     | Noticed an azure jelly
 11511 | D:12     | Noticed an acid blob
 11512 | D:12     | Noticed an azure jelly
 11513 | D:12     | Noticed an acid blob
 11513 | D:12     | Noticed an acid blob
 11513 | D:12     | Noticed an azure jelly
 11513 | D:12     | Noticed Bunil's ghost (journeyman MiFi)
 11514 | D:12     | Noticed a rockslime
 11514 | D:12     | Noticed an acid blob
 11516 | D:12     | Found a viscous altar of Jiyva.
 11988 | D:11     | Received a gift from Okawaru
 12247 | D:11     | Found a staircase to the Lair.
 12508 | Lair:1   | Entered Level 1 of the Lair of Beasts
 12513 | Lair:1   | Received a gift from Okawaru
 12752 | Lair:1   | Received a gift from Okawaru
 13549 | Lair:2   | Reached skill level 14 in Axes
 13710 | Lair:2   | Found a staircase to the Swamp.
 14266 | Lair:3   | Found a staircase to the Snake Pit.
 14552 | Lair:3   | Reached XP level 13. HP: 116/116 MP: 17/17
 14662 | Lair:3   | Identified the +4 scimitar "Acarine's Funeral" {venom, rC+
                  | Str+4}
 15152 | Lair:4   | Received a gift from Okawaru
 16183 | Lair:5   | Entered Level 5 of the Lair of Beasts
 16195 | Lair:5   | Reached skill level 15 in Axes
 16220 | Lair:5   | Found a dark tunnel.
 16244 | Volcano  | Entered a volcano
 16278 | Volcano  | Received a gift from Okawaru
 16320 | Volcano  | Reached ****** piety under Okawaru
 16320 | Volcano  | Received a gift from Okawaru
 16628 | Volcano  | Noticed a fire dragon
 16638 | Volcano  | Killed a fire dragon
 17283 | Lair:5   | Reached XP level 14. HP: 91/126 MP: 19/19
 17431 | Lair:5   | Reached skill level 16 in Axes
 17451 | Lair:5   | Identified the +1 scale mail "Nemazij" {Drain rElec rN+
                  | Str+4} (Okawaru gifted it to you on level 5 of the Lair of
                  | Beasts)
 17451 | Lair:5   | Received a gift from Okawaru
 18113 | Lair:5   | Found a runed translucent door.
 18118 | Lair:5   | Found a staircase to the Slime Pits.
 18563 | D:13     | Reached skill level 10 in Throwing
 19126 | D:13     | Identified the +2 scale mail of Orghoxt {rF++ rCorr}
 20014 | D:14     | Reached skill level 17 in Axes
 20295 | D:14     | Found a gate to the Vaults.
 20443 | D:14     | Identified the +1 hat of Cureof {+Inv rF+ rC- Dex+5}
                  | (Okawaru gifted it to you on level 14 of the Dungeon)
 20443 | D:14     | Received a gift from Okawaru
 20663 | D:15     | Entered Level 15 of the Dungeon
 21111 | D:15     | Reached skill level 10 in Invocations
 21119 | D:15     | Reached XP level 15. HP: 135/135 MP: 21/21
 21409 | D:15     | Found a staircase to the Depths.
 21757 | Orc:1    | Entered Level 1 of the Orcish Mines
 21806 | Orc:1    | Found a burning altar of Makhleb.
 21937 | Orc:2    | Entered Level 2 of the Orcish Mines
 22330 | Orc:2    | Found a staircase to the Elven Halls.
 22998 | Orc:2    | Received a gift from Okawaru
 23026 | Orc:2    | Reached skill level 18 in Axes
 23193 | Orc:2    | Found Loer's Antique Weapon Shop.
 23193 | Orc:2    | Found Qerphu's Antique Armour Boutique.
 23198 | Orc:2    | Found Vuuppiadgh's Jewellery Boutique.
 23203 | Orc:2    | Found Qetayzor's Antique Weapon Shop.
 23243 | Orc:2    | Bought an amulet of regeneration for 420 gold pieces
 23245 | Orc:2    | Bought a glowing plate armour for 676 gold pieces
 23245 | Orc:2    | Bought a pair of scorched gloves for 247 gold pieces
 23245 | Orc:2    | Identified the +0 pair of gloves "Itajisot" {rF- rN+++ MP-9
                  | SInv} (You bought it in a shop on level 2 of the Orcish
                  | Mines)
 23540 | Snake:1  | Entered Level 1 of the Snake Pit
 23645 | Snake:1  | Received a gift from Okawaru
 23783 | Snake:1  | Identified the +2 robe "Niotte" {-Tele rF+ rCorr Stlth+}
 23971 | Snake:1  | Received a gift from Okawaru
 24322 | Snake:2  | Noticed Louise
 24357 | Snake:2  | Killed Louise
 24372 | Snake:2  | Received a gift from Okawaru
 24640 | Snake:2  | Noticed Vashnia
 24651 | Snake:2  | HP: 6/139 [naga sharpshooter/arrow[Vashnia] (4)]
 24651 | Snake:2  | Shot with an arrow by Vashnia

Illustrated notes

Levels and vault maps discovered:
D:1:      kilobyte_arrival_exit_the_forest, layout_loops_corners, serial_shops,
          shop_fountains, dreamdust_ecumenical_altar_sealed_demon
D:2:      layout_loops_cross, serial_shops, shop, grunt_ministairs_5,
          minmay_misc_feat_iff, uniq_terence
D:3:      layout_basic, general_overflow_altar
D:4:      layout_basic, grunt_ministairs_3
D:5:      layout_loops_corners, mainiacjoe_overflow_alcove_2,
          minmay_temple_entry_butterflies, kennysheep_flooded_box,
          nicolae_inconvenience_store, kennysheep_generic_room_8, uniq_pikel
D:6:      kennysheep_windowed_halls, layout_cave_pools,
          nicolae_hepliaklqana_hazy_memory, nicolae_overflow_crystal_walls,
          trog_butcher_becter
D:7:      layout_basic, mainiacjoe_overflow_24_doors, serial_corexii_hall,
          chequers_hall_statues_y, corexii_hall_statues_i,
          grunt_decor_arrowhead, uniq_crazy_yiuf_cottage, uniq_joseph,
          uniq_menkaure
D:8:      corexii_shack_village, layout_loops_cross,
          hangedman_abyss_or_decor_clamps, amethyst_killhole
D:9:      layout_loops_ring, nicolae_gozag_seed_capital, kennysheep_mini,
          nicolae_yredelemnul_corpse_copse, david_defended_altar_orc
D:10:     layout_irregular_city, fedhas_altar_1, orc_0_dummy,
          biasface_ghost_orc_armoury, serial_shops, shop, uniq_erica,
          uniq_sonja, uniq_urug
D:11:     layout_cave_pools, erik_lair_orcish_takeover
D:12:     layout_roguey, serial_shops, shop, shop, nicolae_square_shop,
          gammafunk_ghost_ooze, uniq_nergalle
D:13:     layout_stronghold
D:14:     layout_small_grid, hangedman_vaults_entry_quadrant_bands,
          infiniplex_staircase_star
D:15:     hangedman_depths_entry_try_elsewhere_first, layout_loops_ring,
          grunt_decor_mini_mirrors
Temple:   nicolae_temple_no_exploring_needed
Lair:1:   layout_regular_city
Lair:2:   layout_roguey, skrybe_swamp_entry_bodies, serial_forest,
          infiniplex_forest_corner_1, infiniplex_forest_join,
          infiniplex_forest_diagonal, infiniplex_forest_pool,
          infiniplex_forest_corner_1, infiniplex_forest_lined_4_way,
          serial_bayou_shore_a
Lair:3:   layout_roguey, minmay_snake_entry_spellcaster, minivault_24,
          lemuel_fruit_tree, grunt_megastairs_5
Lair:4:   layout_concentric_octagons, infiniplex_staircase_pool
Lair:5:   grunt_lair_end_beastmaster, layout_gridlike, slime_entry_2,
          nicolae_volcano_entry_hallway
Snake:1:  layout_misc_corridors, nicolae_snake_shapes
Snake:2:  layout_cave_pods, nicolae_snake_serpentine_bazaar, uniq_roxanne,
          uniq_louise, uniq_vashnia
Orc:1:    layout_caves, bloody_makhleb, uniq_jorgrun
Orc:2:    st_orc_mages, layout_diamond_mine

Skill      XL: |  1  2  3  4  5  6  7  8  9 10 11 12 13 14 15 |
---------------+----------------------------------------------+-----
Axes           | 3 4 5 6 8 9 11 12 14 15 17 18 | 18.0
Fighting       | 4 5 6 7 8 9 11 12 13 14 | 14.4
Armour         | 4 5 6 7 8 9 10 11 13 14 | 14.4
Shields        | 4 5 6 7 8 9 11 12 13 14 | 14.5
Throwing       | 1 2 3 4 5 6 7 8 9 10 | 10.0
Invocations    | 1 2 4 5 6 7 8 10 11 | 11.3

Action                     |  1- 3 |  4- 6 |  7- 9 | 10-12 | 13-15 || total
---------------------------+-------+-------+-------+-------+-------++-------
  Melee: War axe           |   105 |   105 |   193 |   481 |    94 ||   978
         Headbutt          |    12 |    16 |    39 |   102 |   246 ||   415
         Broad axe         |       |       |       |       |   794 ||   794
         Hand axe          |       |       |       |       |    21 ||    21
  Throw: Boomerang         |       |       |       |       |    18 ||    18
         Javelin           |       |       |       |       |     8 ||     8
 Invoke: Heroism           |       |       |     4 |     4 |     6 ||    14
         Finesse           |       |       |       |     2 |     2 ||     4
    Use: Scroll            |     1 |       |       |    32 |    12 ||    45
         Potion            |       |       |       |     1 |     7 ||     8
   Stab: Petrified         |       |       |       |       |     6 ||     6
 Armour: Crystal plate arm |   106 |   105 |   184 |   377 |   684 ||  1456
         Scale mail        |     1 |       |       |       |       ||     1
  Dodge: Dodged            |    28 |    18 |    46 |   109 |   184 ||   385
  Block: Buckler           |    33 |    39 |    60 |   226 |   492 ||   850
         Reflection        |       |       |       |     1 |    32 ||    33

Table legend: (Time is in decaauts)
 A = Elapsed time spent in this place.
 B = Non-inter-level travel time spent in this place.
 C = Inter-level travel time spent in this place.
 D = Time resting spent in this place.
 E = Time spent auto-exploring this place.
 F = Levels seen in this place.
 G = Mean time per level.
                   A        B        C        D        E       F      G
               +--------+--------+--------+--------+--------+-----+--------+
         Total |  24522 |  23088 |   1434 |   1733 |  14459 |  26 |  943.2 |
       Dungeon |  16059 |  14978 |   1081 |    712 |   9980 |  15 | 1070.6 |
        Temple |     18 |     18 |      0 |      0 |      0 |   1 |   18.0 |
          Lair |   5292 |   5023 |    269 |    328 |   3650 |   5 | 1058.4 |
     Snake Pit |   1063 |   1050 |     13 |     80 |    504 |   2 |  531.5 |
  Orcish Mines |   1609 |   1541 |     68 |    414 |    242 |   2 |  804.5 |
       Volcano |    479 |    479 |      0 |    199 |     83 |   1 |  479.0 |
               +--------+--------+--------+--------+--------+-----+--------+

Top non-repeatable levels by time:
     D:5: 1740 daAuts
  Lair:5: 1491 daAuts
   Orc:2: 1420 daAuts
    D:10: 1307 daAuts
     D:7: 1266 daAuts
    D:14: 1214 daAuts
     D:8: 1156 daAuts
  Lair:4: 1131 daAuts
     D:6: 1131 daAuts
     D:1: 1061 daAuts
     D:9: 1050 daAuts
    D:13: 1050 daAuts
  Lair:1: 1008 daAuts
    D:15: 993 daAuts
    D:12: 990 daAuts
